 Dungeon Crawl Stone Soup version 0.22.1-2-g9c5b331 (webtiles) character file.

180 lysyklops the Ruffian (level 5, -19/42 HPs)
             Began as a Draconian Transmuter on Dec 17, 2018.
             Was a Follower of Qazlal.
             Demolished by an ogre
             ... wielding a +0 giant club
              (23 damage)
             ... on level 4 of the Dungeon.
             The game lasted 00:06:37 (2744 turns).

lysyklops the Ruffian (Draconian Transmuter)        Turns: 2744, Time: 00:06:38

Health: -19/42     AC:  7    Str: 13    XL:     5   Next: 33%
Magic:  8/9        EV: 13    Int: 13    God:    Qazlal [*.....]
Gold:   113        SH:  1    Dex: 12    Spells: 8/9 levels left

rFire    . . .     SeeInvis .     - Unarmed
rCold    . . .     Gourm    .   (no shield)
rNeg     . . .     Faith    .   (armour unavailable)
rPois    .         Spirit   .   (helmet restricted)
rElec    .         Reflect  .   (no cloak)
rCorr    .         Harm     .   k - +1 pair of gloves
MR       .....                  (boots currently unavailable)
Stlth    +.........             (no amulet)
HPRegen  0.14/turn              (no ring)
MPRegen  0.11/turn              (no ring)

@: appendage
A: unfitting armour, talons 3, cold-blooded, AC +5
a: End Transformation, Renounce Religion


You were on level 4 of the Dungeon.
You worshipped Qazlal.
Qazlal was aware of your devotion.
You were hungry.
You had grown temporary talons.
You visited 1 branch of the dungeon, and saw 4 of its levels.

You collected 113 gold pieces.

Inventory:

Missiles
 a - 47 arrows
Armour
 k - a +1 pair of gloves (worn)
Scrolls
 b - a scroll of magic mapping {unknown}
 e - 3 scrolls of identify {unknown}
 g - 2 scrolls of remove curse {unknown}
 h - 2 scrolls of enchant armour {unknown}
 i - a scroll of enchant weapon {unknown}
 l - a scroll of fear {unknown}
 n - a scroll of noise {unknown}
Potions
 d - a potion of degeneration {unknown}
 f - 2 potions of lignification {unknown}
 j - a potion of might {unknown}
 m - a potion of heal wounds {unknown}
 o - a potion of invisibility {unknown}
Comestibles
 c - 4 rations


   Skills:
 + Level 2.5 Fighting
 + Level 2.8 Dodging
 + Level 3.7 Unarmed Combat
 + Level 2.9 Spellcasting
 + Level 3.0 Transmutations


You had 8 spell levels left.
You knew the following spells:

 Your Spells              Type           Power        Failure   Level  Hunger
a - Beastly Appendage     Tmut           #.....       7%          1    #......

Your spell library contained the following spells:

 Spells                   Type           Power        Failure   Level  Hunger
 Sticks to Snakes         Tmut           #.......     10%         2    ###....
 Spider Form              Tmut/Pois      #.........   36%         3    ###....
 Ice Form                 Ice/Tmut       #.......     77%         4    #####..
 Blade Hands              Tmut           #.........   88%         5    ######.


Dungeon Overview and Level Annotations

Branches:
Dungeon (4/15)
 Temple: D:4-7

Altars:
Gozag
Okawaru
Qazlal
Ru
Zin
The Shining One


Innate Abilities, Weirdness & Mutations

Your plain brown scales are hard. (AC +5)
You cannot fit into any form of body armour.
You are cold-blooded and may be slowed by cold attacks.
You have claws for feet.


Message History

Your feet morph into talons.
The ogre misses you.
You hit the ogre. Your kick misses the ogre.
The ogre is lightly wounded.
The ogre closely misses you.
You hit the ogre. You claw the ogre.
You tail-slap the ogre, but do no damage.
The ogre is heavily wounded.
You hit the ogre. You claw the ogre.
The ogre is severely wounded.
The ogre misses you.
You barely miss the ogre. You claw the ogre.
The ogre is almost dead.
The ogre hits you with a giant club!
* * * LOW HITPOINT WARNING * * *
You barely miss the ogre. Your kick misses the ogre.
The ogre is almost dead.
The ogre hits you with a giant club!!
Ouch! That really hurt!
You die...

#.# #.#
#.# #.#
#.#
####.##
+..O..#
####@.#
#.....#
#.##.##
#.<#.#
####.#
#.# #.#
#.# .#


You could see an ogre.

Vanquished Creatures
  A centaur skeleton (D:3)
  2 adders
  3 gnolls (D:3)
  2 worms (D:2)
  2 dart slugs (D:3)
  A leopard gecko (D:2)
  6 orcs
  3 ball pythons
  2 giant cockroaches
  12 goblins
  11 hobgoblins
  8 jackals
  A quokka (D:3)
  4 bats (D:3)
  5 frilled lizards
  9 kobolds
  13 rats
85 creatures vanquished.

Notes
Turn   | Place    | Note
-------+----------+-------------------------------------------
     0 | D:1      | lysyklops the Draconian Transmuter began the quest for the
                  | Orb.
     0 | D:1      | Reached XP level 1. HP: 16/16 MP: 3/3
   206 | D:1      | Reached XP level 2. HP: 19/23 MP: 5/5
   586 | D:2      | Reached XP level 3. HP: 25/29 MP: 4/6
   623 | D:2      | Found a sacrificial altar of Ru.
  1002 | D:2      | Found a stormy altar of Qazlal.
  1093 | D:2      | Became a worshipper of Qazlal Stormbringer
  1189 | D:2      | Found an opulent altar of Gozag.
  1190 | D:2      | Found a glowing silver altar of Zin.
  1578 | D:2      | Reached XP level 4. HP: 32/36 MP: 5/7
  1758 | D:3      | Found a stormy altar of Qazlal.
  1759 | D:3      | Found a glowing golden altar of the Shining One.
  2359 | D:3      | Reached XP level 5. HP: 35/42 MP: 9/9
  2478 | D:3      | Found an iron altar of Okawaru.
  2501 | D:3      | Reached * piety under Qazlal
  2736 | D:4      | Noticed an ogre
  2744 | D:4      | Demolished by an ogre

Skill      XL: |  1  2  3  4  5 |
---------------+----------------+-----
Dodging        | 2 |  2.8
Fighting       | 2 |  2.5
Transmutations | 3 |  3.0
Unarmed Combat | |  3.7
Spellcasting   | |  2.9

Action                   |  1- 3 |  4- 6 || total
-------------------------+-------+-------++-------
Melee: Unarmed           |   145 |   151 ||   296
       Kick              |    13 |     9 ||    22
       Tailslap          |    11 |    13 ||    24
       Headbutt          |     8 |     3 ||    11
       Punch             |       |     3 ||     3
 Cast: Beastly Appendage |    16 |     8 ||    24
 Stab: Sleeping          |     1 |       ||     1
  Eat: Chunk             |     1 |     5 ||     6
Armor: Skin              |    37 |    48 ||    85
Dodge: Dodged            |    79 |    92 ||   171
Block: Other             |       |     1 ||     1
